 Dungeon Crawl Stone Soup version 0.31-a0-145-g046c7d2549 (webtiles) character file.

Game seed: 10759263026096445076

11 Faragor the Conjurer (level 2, -1/15 HPs)
             Began as a Deep Elf Conjurer on June 6, 2023.
             Slain by a jackal (3 damage)
             ... on level 1 of the Dungeon.
             The game lasted 00:00:36 (209 turns).

Faragor the Conjurer (Deep Elf Conjurer)             Turns: 209, Time: 00:00:37

Health: -1/15      AC:  2    Str:  4    XL:     2   Next: 13%
Magic:  1/8        EV: 12    Int: 22    God:
Gold:   0          SH:  0    Dex: 13    Spells: 6/7 levels left

rFire   . . .        (no weapon)
rCold   . . .        (no shield)
rNeg    . . .        a - +0 robe
rPois   .            (no helmet)
rElec   .            (no cloak)
rCorr   .            (no gloves)
SInv    .            (no boots)
Will    .....        (no amulet)
Stlth   ++           (no ring)
HPRegen 0.22/turn    (no ring)
MPRegen 0.11/turn

%: no passive effects
@: no status effects
A: no striking features
a: no special abilities


You were on level 1 of the Dungeon.
You visited 1 branch of the dungeon, and saw 1 of its levels.

Inventory:

Armour
 a - a +0 robe (worn)
Scrolls
 c - a scroll of enchant weapon {unknown}
 d - a scroll of identify {unknown}
Potions
 b - a potion of magic


   Skills:
 + Level 2.7 Dodging
 + Level 2.8 Stealth
 + Level 3.3 Spellcasting
 + Level 4.5 Conjurations


You had 6 spell levels left.
You knew the following spells:

 Your Spells              Type           Power      Damage    Failure   Level
a - Magic Dart            Conj           92%        1d7       1%          1

Your spell library contained the following spells:

 Spells                   Type           Power      Damage    Failure   Level
 Searing Ray              Conj           46%        2d6       2%          2
 Dazzling Flash           Conj/Hex       26%        N/A       14%         3
 Fulminant Prism          Conj/Hex       6%         3d7       43%         4
 Iskenderun's Mystic Bla  Conj/Tloc      13%        2d5       43%         4


Dungeon Overview and Level Annotations

Branches:
Dungeon (1/15)

Altars:


Message History

Press: ? - help, Shift-Dir - straight line, f - jackal
Aim: a jackal (100% to hit)
The magic dart hits the jackal.
The jackal is lightly wounded.
The jackal bites you.
The giant cockroach completely misses you.
Unknown command.
Casting: Magic Dart (safe; 1% risk of failure)
Confirm with . or Enter, or press ? or * to list all spells.
Aiming: Magic Dart (safe; 1% risk of failure)
Press: ? - help, Shift-Dir - straight line, f/p - jackal
Aim: a jackal (lightly wounded, 100% to hit)
The magic dart hits the jackal.
The jackal is severely wounded.
The jackal bites you but does no damage.
The giant cockroach bites you but does no damage.
You barely miss the giant cockroach. The jackal bites you.
The giant cockroach misses you. The jackal bites you.
You hit the giant cockroach but do no damage.
The giant cockroach bites you.
The jackal bites you but does no damage.
You hit the giant cockroach.
The giant cockroach is moderately wounded.
The giant cockroach barely misses you. The jackal closely misses you.
The giant cockroach completely misses you.
The jackal barely misses you.
You barely miss the giant cockroach. The jackal closely misses you.
The giant cockroach bites you.
You hit the giant cockroach but do no damage.
The jackal bites you. The giant cockroach barely misses you.
You barely miss the giant cockroach. The jackal bites you.
* * * LOW HITPOINT WARNING * * *
The giant cockroach bites you.
* * * LOW HITPOINT WARNING * * *
The jackal barely misses you.
You hit the giant cockroach but do no damage.
The giant cockroach bites you.
* * * LOW HITPOINT WARNING * * *
The jackal bites you.
You die...

#.... ##...... .....
#....#.# ###..##....#.#
..#........(.# ########
#.#...#....†.###......#
#.#......#.#..##......#
..#..##....##.##..)...#
..#..##...###.##......#
..#..#..........@...†.#
..#.#..#..###.##Bh....#
..#....#.## #.##J.....#
###......# #.##......#
........## #.........#
........# ###.###.###
........# . .#
........# .. .#
..........


You could see an endoplasm, a jackal and a giant cockroach.

Vanquished Creatures
  A dart slug (D:1)
  An endoplasm (D:1)
  A giant cockroach (D:1)
  A goblin (D:1)
  A jackal (D:1)
  A ball python (D:1)
  2 frilled lizards (D:1)
  A rat (D:1)
9 creatures vanquished.

Notes
Turn   | Place    | Note
-------+----------+-------------------------------------------
     0 | D:1      | Faragor the Deep Elf Conjurer began the quest for the Orb.
     0 | D:1      | Reached XP level 1. HP: 10/10 MP: 6/6
   156 | D:1      | Reached XP level 2. HP: 15/15 MP: 6/8
   209 | D:1      | Slain by a jackal

Illustrated notes

Levels and vault maps discovered:
D:1:      ebering_trefoil_twist, layout_rooms, minmay_misc_feat_pillars

Action                     || total
---------------------------++-------
  Melee: Unarmed           ||     7
   Cast: Magic Dart        ||    22
 Armour: Robe              ||     4
  Dodge: Dodged            ||    11

Table legend: (Time is in decaauts)
 A = Elapsed time spent in this place.
 B = Non-inter-level travel time spent in this place.
 C = Inter-level travel time spent in this place.
 D = Time resting spent in this place.
 E = Time spent auto-exploring this place.
 F = Levels seen in this place.
 G = Mean time per level.
                   A        B        C        D        E       F      G
               +--------+--------+--------+--------+--------+-----+--------+
         Total |    209 |    209 |      0 |      0 |    169 |   1 |  209.0 |
       Dungeon |    209 |    209 |      0 |      0 |    169 |   1 |  209.0 |
               +--------+--------+--------+--------+--------+-----+--------+

Top non-repeatable levels by time:
     D:1: 209 daAuts
